 Dungeon Crawl Stone Soup version 0.21.1-1-g345015f (webtiles) character file.

156 KleinerIrrer the Chopper (level 5, -7/41 HPs)
             Began as a Formicid Fighter on Apr 4, 2018.
             Mangled by a worm (13 damage)
             ... on level 2 of the Dungeon.
             The game lasted 00:01:23 (2374 turns).

KleinerIrrer the Chopper (Formicid Fighter)         Turns: 2374, Time: 00:01:24

Health: -7/41      AC:  6    Str: 22    XL:     5   Next: 64%
Magic:  5/5        EV:  8    Int:  7    God:
Gold:   120        SH:  9    Dex: 10    Spells: 4/4 levels left

rFire    . . .     SeeInvis +   Y - +0 war axe
rCold    . . .     Gourm    .   c - +0 shield
rNeg     . . .     Faith    .   b - +0 scale mail
rPois    .         Spirit   .   (helmet unavailable)
rElec    .         Reflect  .   (no cloak)
rCorr    .         Harm     .   (no gloves)
MR       .....                  (no boots)
Stlth    ..........             (no amulet)
HPRegen  0.13/turn              (no ring)
MPRegen  0.09/turn              (no ring)

@: no status effects
A: permanent stasis, dig shafts and tunnels, four strong arms, antennae 3
a: Dig, Shaft Self


You were on level 2 of the Dungeon.
You were not hungry.

You visited 1 branch of the dungeon, and saw 2 of its levels.

You collected 120 gold pieces.


Innate Abilities, Weirdness & Mutations

You cannot be hasted, slowed, berserked, paralysed or teleported.
You can dig through walls and to a lower floor.
Your four strong arms can wield two-handed weapons with a shield.
You have a pair of large antennae on your head. (SInv)


   Skills:
 - Level 3.2 Fighting
 - Level 5.0 Axes
 - Level 3.2 Armour
 - Level 1.4 Dodging
 + Level 3.6 Shields


You had 4 spell levels left.
You didn't know any spells.

Inventory:

Hand Weapons
 a - a +0 flail
 Y - a +0 war axe (weapon)
Armour
 b - a +0 scale mail (worn)
 c - a +0 shield (worn)
Jewellery
 e - an uncursed amulet of regeneration {unknown}
Scrolls
 g - a scroll of identify
Potions
 d - 3 potions of might
 h - 2 potions of mutation
 j - a potion of agility
 k - a potion of invisibility {unknown}
 l - a potion of curing {unknown}
 m - a potion of heal wounds {unknown}
 n - a potion of cancellation {unknown}
 o - a potion of brilliance {unknown}
 p - a potion of ambrosia {unknown}
Comestibles
 f - 3 rations

Dungeon Overview and Level Annotations

Branches:
Dungeon (2/15)

Altars:
Trog

Annotations:
D:2 Sigmund


Message History

Sigmund is moderately wounded.
You hit the rat. You block the rat's attack.
The moth of wrath goads the worm on!
The worm goes berserk!
Sigmund hits you with a scythe of flaming!
Sigmund burns you. You block the rat's attack.
Your shield and scale mail prevent you from hitting the rat.
The rat is almost dead.
You closely miss Sigmund. You block the rat's attack.
The rat barely misses you.
Sigmund points at you and mumbles some strange words.
The puff of flame misses you. The worm bites you.
You barely miss the rat.
The rat is almost dead.
You slash the worm! You closely miss Sigmund. You block the rat's attack.
The moth of wrath goads the worm on!
The worm goes berserk!
Sigmund hits you with a scythe of flaming!
Sigmund burns you. The worm bites you!
You die...

#.###.##### #.# .##
##....# #.# .#
#.#.####### .##
##..###....#
..###..##)......######
......## ........#...#
####### ...#.w..###.#
# ..###.w.##..###### #
{_.#y#..@.........# #
..###.@r########.# #
...#....# #.# #
).......# #.# #
.......### #.# #
##....##.# #.# #
#########.# #.# #
#.......#.# #.# ####
##.####.#.# #.#


You could see a moth of wrath, Sigmund, 2 worms and a rat (berserk).

Vanquished Creatures
  A crimson imp (D:2)
  3 gnolls (D:2)
  2 adders (D:2)
  2 oozes
  2 worms (D:2)
  2 dart slugs
  A giant cockroach (D:1)
  9 hobgoblins
  2 jackals (D:1)
  A quokka (D:2)
  11 bats
  2 frilled lizards
  6 goblins
  8 kobolds
  7 rats
59 creatures vanquished.

Notes
Turn   | Place    | Note
-------+----------+-------------------------------------------
     0 | D:1      | KleinerIrrer the Formicid Fighter began the quest for the Orb.
     0 | D:1      | Reached XP level 1. HP: 18/18 MP: 1/1
     0 | D:1      | 0 ||| counter = 2
   141 | D:1      | Reached XP level 2. HP: 24/24 MP: 2/2
   182 | D:1      | HP: 6/24 [poisoned by a kobold]
   519 | D:1      | Reached skill level 3 in Axes
   697 | D:1      | Reached XP level 3. HP: 29/29 MP: 3/3
  1229 | D:1      | 1229 ||| READING scroll labeled JUGUOMAOFA.
  1230 | D:1      | 1230 ||| READING scroll labeled RIM BOATIHUL.
  1328 | D:2      | Reached skill level 4 in Axes
  1328 | D:2      | Reached XP level 4. HP: 33/35 MP: 4/4
  1351 | D:2      | 1351 ||| STAIRDANCE
  1431 | D:1      | 1431 ||| READING scroll labeled PAH ASIGAMNAFI.
  1432 | D:1      | 1432 ||| READING scroll labeled NOOHAR VEWELU.
  1433 | D:1      | 1433 ||| READING 2 scrolls of identify.
  1433 | D:1      | 1433 ||| IDENTIFYING metallic emerald potion
  1441 | D:2      | 1441 ||| STAIRDANCE
  1556 | D:2      | 1556 ||| DROPPING club.
  1703 | D:2      | 1703 ||| STAIRDANCE
  1952 | D:2      | Reached XP level 5. HP: 41/41 MP: 5/5
  2005 | D:2      | Reached skill level 5 in Axes
  2164 | D:2      | Reached skill level 1 in Dodging
  2361 | D:2      | Noticed a moth of wrath
  2363 | D:2      | Noticed Sigmund
  2369 | D:2      | Found a bloodstained altar of Trog.
  2374 | D:2      | HP: 7/41 [Sigmund/scythe of flaming (7)]
  2374 | D:2      | Mangled by a worm

Vault maps used:
D:1:      shiori_arrival_maze
D:2:      tgw_trog, uniq_sigmund

Skill      XL: |  1  2  3  4  5 |
---------------+----------------+-----
Axes           | 3 4 5 |  5.0
Dodging        | 1 |  1.4
Fighting       | |  3.2
Armour         | |  3.2
Shields        | |  3.6

Action                   |  1- 3 |  4- 6 || total
-------------------------+-------+-------++-------
Melee: War axe           |    84 |    97 ||   181
  Use: Scroll            |     2 |     3 ||     5
  Eat: Chunk             |     1 |     4 ||     5
Armor: Scale mail        |    36 |    19 ||    55
Dodge: Dodged            |    20 |    36 ||    56
Block: Shield            |    38 |    33 ||    71

Table legend:
 A = Spawn XP
 B = Non-spawn XP
 C = Spawn XP percentage of total XP
 D = Spawn monster count
 E = Non-spawn monster count
 F = Spawn count percentage of total count
 G = Total turns spent on level
                    A         B        C        D         E        F      G
               +---------+---------+-------+---------+---------+-------+---------
         Total |       0 |     223 |   0.0 |       0 |      59 |   0.0 |  2374
               +---------+---------+-------+---------+---------+-------+---------
           D:1 |       0 |      64 |   0.0 |       0 |      36 |   0.0 |  1460
           D:2 |       0 |     159 |   0.0 |       0 |      23 |   0.0 |   914
               +---------+---------+-------+---------+---------+-------+---------
